AoeStats
← 文風

MegaRandom

506062100Analyzed
1v1 RM · 20d ago on Sep 12, 2026· 37m 38s· 2 players
Game mode
Random Map
Map size
Tiny (2 player)
Population
200
Speed
Normal
Resources
Standard
Victory
Conquest
Starting age
Dark Age
Ending age
Imperial Age
RankedLock teamsTeams togetherTeam positionsShared explorationLock speedFull tech treeHidden civsTurbo modeCheats
Victory
Defeat
🇦🇺 Mongols · Australia
1458
+17
🇭🇰 Spanish · Hong Kong SAR China
1476
-17
Chuth
0:26 Loom
8:35 Feudal Age
9:03 Double-Bit Axe
11:04 Fishing Lines
15:14 Castle Age
14:10 Gold Mining
14:10 Stone Mining
16:08 Bow Saw
15:52 Gillnets
20:35 Gold Shaft Mining
21:17 Wheelbarrow
20:27 Town Watch
21:46 Horse Collar
22:34 Scale Barding Armor
23:10 Heavy Plow
24:11 Bloodlines
25:55 Husbandry
26:12 Hand Cart
26:50 Chain Barding Armor
26:40 Fletching
27:07 Padded Archer Armor
28:04 Forging
28:34 Bodkin Arrow
29:02 Leather Archer Armor
29:17 Ballistics
29:08 Masonry
30:10 Iron Casting
31:36 Thumb Ring
34:40 Imperial Age
32:04 Light Cavalry
35:30 Clinker Construction
35:59 Conscription
36:07 Conscription
35:50 Bracer
36:52 Chemistry
36:25 Siege Engineers
36:26 Capped Ram
36:48 Elite Mangudai
38:53 Blast Furnace
文風
10:04 Feudal Age
11:43 Loom
12:45 Double-Bit Axe
15:44 Castle Age
16:55 Bow Saw
16:27 Horse Collar
22:01 Wheelbarrow
26:46 Fletching
32:25 Imperial Age
31:47 Ballistics
31:11 Elite Skirmisher
32:31 Bodkin Arrow
32:37 Padded Archer Armor
33:27 Bracer
Connection lost

Rejoining the realm…

Still unreachable

The connection could not be restored.

Session expired

The server has moved on; the page needs a fresh start.